 Dungeon Crawl Stone Soup version 0.28.0-55-gcd9437bce4 (webtiles) character file.

Game seed: 12660135229251802895

8663 AarnesTheHuman the Blocker (level 11, -1/89 HPs)
             Began as a Gnoll Fighter on Jan 2, 2023.
             Was a Follower of Makhleb.
             Slain by a manticore (3 damage)
             ... on level 11 of the Dungeon.
             The game lasted 00:12:47 (9109 turns).

AarnesTheHuman the Blocker (Gnoll Fighter)          Turns: 9109, Time: 00:12:47

Health: -1/89      AC: 12    Str: 25    XL:     11   Next: 34%
Magic:  20/20      EV: 13    Int:  9    God:    Makhleb [*.....]
Gold:   636        SH:  6    Dex: 11    Spells: 22/22 levels left

rFire   . . .      SeeInvis .   a - +2 hand axe (venom)
rCold   . . .      Faith    .   c - +0 buckler
rNeg    . . .      Spirit   .   d - +0 troll leather armour {Pargi}
rPois   .          Reflect  .   (helmet restricted)
rElec   .          Harm     .   (no cloak)
rCorr   .          Rampage  .   g - +0 pair of gloves "Ifovoprob" {*Slow Will+ Regen+}
Will    +....                   i - +2 pair of boots
Stlth   +++.......              E - amulet of the acrobat
HPRegen 1.84/turn               y - +6 ring of strength
MPRegen 0.17/turn               (no ring)

@: slowed, very slow
A: fangs 1, strong nose, distributed training, horns 1, iridescent scales 1
a: Renounce Religion


You were on level 11 of the Dungeon.
You worshipped Makhleb.
Makhleb was aware of your devotion.
You visited 2 branches of the dungeon, and saw 12 of its levels.
You also visited: Sewer and Ossuary.

You collected 636 gold pieces.

Inventory:

Hand Weapons
 a - a +2 hand axe of venom (weapon)
 h - a +0 hunting sling
 q - a +1 war axe
 w - a +3 spear
 L - a +4 scimitar
 M - a +0 dire flail of venom
Missiles
 j - 22 sling bullets
 n - 11 poisoned darts (quivered)
 H - 2 throwing nets
Armour
 b - a +0 scale mail
 c - a +0 buckler (worn)
 d - a +0 troll leather armour (worn) {Pargi}
 g - the +0 pair of gloves "Ifovoprob" (worn) {*Slow Will+ Regen+}
   (You found it on level 2 of the Dungeon)

   Regen:     It increases your rate of health regeneration.
   *Slow:     It may slow you when you take damage.
   Will:      It increases your willpower.
 i - a +2 pair of boots (worn)
Jewellery
 e - a ring of fire
 k - a ring of fire
 s - a ring of ice
 y - a +6 ring of strength (left hand)
 C - an amulet of faith
 E - an amulet of the acrobat (around neck)
Wands
 z - a wand of iceblast (7)
 F - a wand of acid (4)
 I - a wand of paralysis (2)
 K - a wand of flame (16)
Scrolls
 l - 5 scrolls of teleportation
 B - a scroll of fear
 D - 2 scrolls of silence
 G - a scroll of identify
Potions
 f - 5 potions of lignification
 m - 3 potions of mutation
 o - 2 potions of heal wounds
 p - 4 potions of haste
 r - 2 potions of magic
 t - 3 potions of resistance
 u - 2 potions of cancellation
 v - 6 potions of curing
 x - 4 potions of flight
 A - a potion of brilliance
 J - a potion of berserk rage


   Skills:
 + Level 9.1 Fighting
 + Level 6.2 Short Blades
 + Level 6.2 Long Blades
 + Level 7.8 Axes
 + Level 6.2 Maces & Flails
 + Level 6.2 Polearms
 + Level 6.2 Staves
 + Level 6.2 Slings
 + Level 6.2 Bows
 + Level 6.2 Crossbows
 + Level 6.2 Throwing
 + Level 9.1 Armour
 + Level 6.2 Dodging
 + Level 6.2 Stealth
 + Level 9.1 Shields
 + Level 6.2 Unarmed Combat
 + Level 6.2 Spellcasting
 + Level 5.1 Conjurations
 + Level 5.1 Hexes
 + Level 5.1 Summonings
 + Level 5.1 Necromancy
 + Level 5.1 Translocations
 + Level 5.1 Transmutations
 + Level 5.1 Fire Magic
 + Level 5.1 Ice Magic
 + Level 5.1 Air Magic
 + Level 5.1 Earth Magic
 + Level 5.1 Poison Magic
 + Level 6.8 Invocations
 + Level 6.2 Evocations


You had 22 spell levels left.
You didn't know any spells.
Your spell library contained the following spells:

 Spells                   Type           Power      Damage    Failure   Level
 Animate Skeleton         Necr           24%        N/A       3%          1
 Apportation              Tloc           24%        N/A       3%          1
 Freeze                   Ice            48%        1d7       3%          1
 Summon Small Mammal      Summ           48%        N/A       3%          1
 Corpse Rot               Necr/Air       24%        N/A       5%          2
 Ensorcelled Hibernation  Hex/Ice        24%        N/A       5%          2
 Poisonous Vapours        Pois/Air       24%        N/A       5%          2
 Frozen Ramparts          Ice            24%        1d4       11%         3
 Gell's Gravitas          Tloc           12%        N/A       11%         3
 Portal Projectile        Hex/Tloc       24%        N/A       11%         3
 Teleport Other           Tloc           12%        N/A       11%         3
 Hailstorm                Conj/Ice       12%        3d5       34%         4
 Summon Lightning Spire   Summ/Air       12%        N/A       34%         4
 Dispersal                Tloc           6%         N/A       99%         6
 Storm Form               Tmut/Air       6%         N/A       100%        7
 Discord                  Hex            6%         N/A       100%        8
 Maxwell's Capacitive Co  Air            6%         ∞         100%        8


Dungeon Overview and Level Annotations

Branches:
Dungeon (11/15)            Temple (1/1) D:7           Sewer (visited)
Ossuary (visited)
   Lair: D:8-11         Orc: D:9-12

Altars:
Ashenzari
Cheibriados
Dithmenos
Elyvilon
Fedhas
Gozag
Hepliaklqana
Kikubaaqudgha
Makhleb
Ru
Trog
Uskayaw
Wu Jian
Xom
Zin

Shops:
D:10 [

Annotations:
D:5 2 runed translucent doors, Crazy Yiuf; peterlawrence's ghost, novice MiFi


Innate Abilities, Weirdness & Mutations

You have very sharp teeth.
Your uncanny sense of smell can sniff out nearby items.
Your experience applies equally to all skills.
You have a pair of small horns on your head.
You are partially covered in iridescent scales. (AC +2)


Message History

You block the manticore's attack. The manticore claws you!
You feel as though you will be slow longer.
The orc completely misses you.
You barely miss the manticore. Your bite misses the manticore.
The manticore is heavily wounded.
You barely miss the orc. The manticore bites you!
The manticore claws you but does no damage.
The manticore closely misses you. You block the orc's attack.
You block the manticore's attack. The manticore closely misses you.
The manticore barely misses you.
You are too injured to fight recklessly!
You are too injured to fight recklessly!
You are too injured to fight recklessly!
You hit the manticore but do no damage.
The manticore looks as sick as possible!
The manticore is heavily wounded.
You hit the orc.
The orc looks as sick as possible!
You block the orc's attack. You block the manticore's attack.
The manticore claws you but does no damage.
The manticore claws you. The orc hits you but does no damage.
You hit the manticore but do no damage.
The manticore looks as sick as possible!
The manticore is heavily wounded.
You hit the orc.
You kill the orc!
Makhleb accepts your kill. The manticore bites you!! The manticore misses you.
The manticore claws you.
* * * LOW HITPOINT WARNING * * *
The manticore bites you!
* * * LOW HITPOINT WARNING * * *
The manticore claws you but does no damage.
The manticore claws you.
* * * LOW HITPOINT WARNING * * *
You slash the manticore!
You bite the manticore, but do no damage.
The manticore is severely wounded.
The manticore bites you!
* * * LOW HITPOINT WARNING * * *
The manticore barely misses you. The manticore claws you.
You die...

#####################
#...................#
#...................###
#....<.................
#......................
###############.######
#@# .......H)......
............... ∆
...............
###############


You could see a manticore (extremely poisoned).

Vanquished Creatures
  A hydra (D:10)
  3 two-headed ogres
  Psyche (D:10)
  A hornet (D:8)
  A shadow (D:10)
  2 wyverns (D:9)
  A wraith (D:10)
  11 yaks
  A steam dragon (D:8)
  2 wargs (D:10)
  Pargi (Sewer)
  A sky beast (D:7)
  An orc warrior (D:8)
  A black bear (D:6)
  A necrophage (D:5)
  2 ogres
  2 centaurs
  4 phantoms
  4 bullfrogs
  A kobold brigand (D:7)
  A gnoll sergeant (D:5)
  A scorpion (D:7)
  A water moccasin zombie (D:6)
  A water moccasin skeleton (D:7)
  4 killer bees
  8 wights
  A bullfrog zombie (D:5)
  5 centaur zombies
  A hound (D:6)
  4 orc priests
  2 gnoll shamans
  4 jellies
  2 iguanas
  3 orc wizards (D:7)
  2 ogre zombies (Ossuary)
  7 mummies (Ossuary)
  A howler monkey zombie (D:8)
  17 gnolls
  11 adders
  A white imp (D:7)
  3 adder zombies (Ossuary)
  An adder skeleton (D:4)
  2 worms
  4 dart slugs
  29 orcs
  7 endoplasms
  6 giant cockroaches
  6 goblins
  6 hobgoblins
  3 quokkas
  2 ball pythons
  7 bats
  17 frilled lizards
  5 goblin zombies (Ossuary)
  5 hobgoblin zombies (Ossuary)
  15 kobolds
  A kobold zombie (Ossuary)
  An orc zombie (Ossuary)
  6 quokka zombies (Ossuary)
  7 rats
  4 rat zombies (Ossuary)
256 creatures vanquished.

Vanquished Creatures (others)
  13 plants
13 creatures vanquished.

Grand Total: 269 creatures vanquished

Notes
Turn   | Place    | Note
-------+----------+-------------------------------------------
     0 | D:1      | AarnesTheHuman the Gnoll Fighter began the quest for the
                  | Orb.
     0 | D:1      | Reached XP level 1. HP: 23/23 MP: 1/1
   102 | D:1      | Reached XP level 2. HP: 29/29 MP: 2/2
   829 | D:2      | Reached XP level 3. HP: 32/35 MP: 3/3
   989 | D:2      | Identified the +0 pair of gloves "Ifovoprob" {*Slow Will+
                  | Regen+}
  1065 | D:2      | Reached skill level 1 in Invocations
  1178 | D:2      | Reached skill level 1 in Short Blades
  1178 | D:2      | Reached skill level 1 in Long Blades
  1178 | D:2      | Reached skill level 1 in Maces & Flails
  1178 | D:2      | Reached skill level 1 in Polearms
  1178 | D:2      | Reached skill level 1 in Staves
  1178 | D:2      | Reached skill level 1 in Slings
  1178 | D:2      | Reached skill level 1 in Bows
  1178 | D:2      | Reached skill level 1 in Crossbows
  1178 | D:2      | Reached skill level 1 in Throwing
  1178 | D:2      | Reached skill level 1 in Dodging
  1178 | D:2      | Reached skill level 1 in Stealth
  1178 | D:2      | Reached skill level 1 in Unarmed Combat
  1178 | D:2      | Reached skill level 1 in Spellcasting
  1178 | D:2      | Reached skill level 1 in Evocations
  1275 | D:2      | Reached XP level 4. HP: 40/41 MP: 5/5
  1981 | D:3      | Found a blossoming altar of Fedhas.
  2074 | D:3      | Reached skill level 1 in Conjurations
  2074 | D:3      | Reached skill level 1 in Hexes
  2074 | D:3      | Reached skill level 1 in Summonings
  2074 | D:3      | Reached skill level 1 in Necromancy
  2074 | D:3      | Reached skill level 1 in Translocations
  2074 | D:3      | Reached skill level 1 in Transmutations
  2074 | D:3      | Reached skill level 1 in Fire Magic
  2074 | D:3      | Reached skill level 1 in Ice Magic
  2074 | D:3      | Reached skill level 1 in Air Magic
  2074 | D:3      | Reached skill level 1 in Earth Magic
  2074 | D:3      | Reached skill level 1 in Poison Magic
  2493 | D:3      | Found a faded altar of an unknown god.
  2577 | D:3      | Reached XP level 5. HP: 47/47 MP: 6/6
  2793 | D:4      | Found a glowing drain.
  2805 | Sewer    | Entered a sewer
  2808 | Sewer    | Noticed Pargi
  2812 | Sewer    | Killed Pargi
  2813 | Sewer    | Reached XP level 6. HP: 48/53 MP: 8/8
  3013 | D:4      | Reached skill level 5 in Axes
  3104 | D:4      | Reached XP level 7. HP: 55/59 MP: 10/10
  3158 | D:4      | Found a sacrificial altar of Ru.
  3264 | D:4      | Found a shimmering altar of Xom.
  3838 | D:5      | Entered Level 5 of the Dungeon
  4252 | D:5      | Gained mutation: You are clumsy. (Dex -2) [potion of
                  | mutation]
  4252 | D:5      | Gained mutation: You are weak. (Str -2) [potion of
                  | mutation]
  4252 | D:5      | Gained mutation: You have a pair of small horns on your
                  | head. [potion of mutation]
  4252 | D:5      | Gained mutation: You passively dampen the noise of your
                  | surroundings. [potion of mutation]
  4253 | D:5      | Lost mutation: You are clumsy. (Dex -2) [potion of
                  | mutation]
  4253 | D:5      | Lost mutation: You are weak. (Str -2) [potion of mutation]
  4253 | D:5      | Lost mutation: You passively dampen the noise of your
                  | surroundings. [potion of mutation]
  4253 | D:5      | Gained mutation: You are partially covered in iridescent
                  | scales. (AC +2) [potion of mutation]
  4483 | D:5      | Found a runed translucent door.
  4484 | D:5      | Noticed peterlawrence's ghost (novice MiFi)
  4684 | D:5      | Reached XP level 8. HP: 67/67 MP: 12/12
  4964 | D:5      | Found a runed translucent door.
  4965 | D:5      | Noticed Crazy Yiuf
  5389 | D:6      | Got the Reference Book on Malediction
  5441 | D:6      | You fall into a shaft and drop 3 floors!
  5704 | D:8      | Reached XP level 9. HP: 34/73 MP: 14/14
  5737 | D:8      | Found a sand-covered staircase.
  5742 | Ossuary  | Entered an ossuary
  6413 | D:7      | Found an opulent altar of Gozag.
  6689 | D:7      | Reached skill level 5 in Invocations
  6793 | D:7      | Found a staircase to the Ecumenical Temple.
  6817 | Temple   | Entered the Ecumenical Temple
  6930 | Temple   | Became a worshipper of Makhleb the Destroyer
  7341 | D:8      | Noticed a hornet
  7348 | D:8      | Killed a hornet
  7464 | D:8      | Found a snail-covered altar of Cheibriados.
  7559 | D:8      | Reached XP level 10. HP: 56/80 MP: 17/17
  7596 | D:9      | Noticed a two-headed ogre
  7612 | D:9      | Killed a two-headed ogre
  7613 | D:9      | Reached skill level 5 in Short Blades
  7613 | D:9      | Reached skill level 5 in Long Blades
  7613 | D:9      | Reached skill level 5 in Maces & Flails
  7613 | D:9      | Reached skill level 5 in Polearms
  7613 | D:9      | Reached skill level 5 in Staves
  7613 | D:9      | Reached skill level 5 in Slings
  7613 | D:9      | Reached skill level 5 in Bows
  7613 | D:9      | Reached skill level 5 in Crossbows
  7613 | D:9      | Reached skill level 5 in Throwing
  7613 | D:9      | Reached skill level 5 in Dodging
  7613 | D:9      | Reached skill level 5 in Stealth
  7613 | D:9      | Reached skill level 5 in Unarmed Combat
  7613 | D:9      | Reached skill level 5 in Spellcasting
  7613 | D:9      | Reached skill level 5 in Evocations
  7720 | D:9      | Found a shadowy altar of Dithmenos.
  7988 | D:10     | Entered Level 10 of the Dungeon
  8179 | D:10     | Noticed Psyche
  8187 | D:10     | Killed Psyche
  8321 | D:10     | Found Lytohew's Armour Boutique.
  8381 | D:10     | Noticed a five-headed hydra
  8391 | D:10     | Killed a five-headed hydra
  8392 | D:10     | Reached XP level 11. HP: 18/87 MP: 19/19
  8567 | D:10     | Noticed a two-headed ogre
  8575 | D:10     | Killed a two-headed ogre
  8968 | D:11     | Noticed a two-headed ogre
  8978 | D:11     | Killed a two-headed ogre
  8979 | D:11     | Reached skill level 5 in Conjurations
  8979 | D:11     | Reached skill level 5 in Hexes
  8979 | D:11     | Reached skill level 5 in Summonings
  8979 | D:11     | Reached skill level 5 in Necromancy
  8979 | D:11     | Reached skill level 5 in Translocations
  8979 | D:11     | Reached skill level 5 in Transmutations
  8979 | D:11     | Reached skill level 5 in Fire Magic
  8979 | D:11     | Reached skill level 5 in Ice Magic
  8979 | D:11     | Reached skill level 5 in Air Magic
  8979 | D:11     | Reached skill level 5 in Earth Magic
  8979 | D:11     | Reached skill level 5 in Poison Magic
  9052 | D:10     | Reached * piety under Makhleb
  9099 | D:11     | Noticed a manticore
  9109 | D:11     | HP: 2/89 [manticore (14)]
  9109 | D:11     | Slain by a manticore

Illustrated notes

Levels and vault maps discovered:
D:1:      ncdulo_lavacross, layout_basic
D:2:      layout_loops_corners, lexackson_kobold_supper
D:3:      layout_loops_corners, fedhas_ov_isle_minmay,
          shapermc_ecumenical_altar_ellora
D:4:      layout_layer_cave, lemuel_tele_altar, xom_butterflies,
          gup_sewer_entry_bubbles, minivault_11
D:5:      layout_loops_corners, ebering_ghost_reflecting_pool,
          minmay_lizard_king, uniq_crazy_yiuf_cottage
D:6:      layout_loops_ring, minitemple
D:7:      layout_loops_cross, grunt_gozag_breadcrumbs, temple_statues
D:8:      layout_basic, cheibrodos_worm_habitat, nicolae_ossuary_entry_ruins,
          nrook_loot_triangle
D:9:      layout_rooms, overflow_temple_1_default
D:10:     layout_loops_ring, serial_shops, nicolae_inconvenience_store,
          st_stairs_2, chequers_hall_statues_wall_a,
          chequers_serial_rivers_marsh, uniq_psyche
D:11:     layout_long_grid, erik_lair_orcish_takeover, trove_entry_hex_spiral
Temple:   kb_temple_of_zot

Skill      XL: |  1  2  3  4  5  6  7  8  9 10 11 |
---------------+----------------------------------+-----
Invocations    | 1 2 3 4 5 6 |  6.8
Short Blades   | 1 2 3 4 5 6 |  6.2
Long Blades    | 1 2 3 4 5 6 |  6.2
Maces & Flails | 1 2 3 4 5 6 |  6.2
Polearms       | 1 2 3 4 5 6 |  6.2
Staves         | 1 2 3 4 5 6 |  6.2
Slings         | 1 2 3 4 5 6 |  6.2
Bows           | 1 2 3 4 5 6 |  6.2
Crossbows      | 1 2 3 4 5 6 |  6.2
Throwing       | 1 2 3 4 5 6 |  6.2
Dodging        | 1 2 3 4 5 6 |  6.2
Stealth        | 1 2 3 4 5 6 |  6.2
Unarmed Combat | 1 2 3 4 5 6 |  6.2
Spellcasting   | 1 2 3 4 5 6 |  6.2
Evocations     | 1 2 3 4 5 6 |  6.2
Conjurations   | 1 2 3 4 5 |  5.1
Hexes          | 1 2 3 4 5 |  5.1
Summonings     | 1 2 3 4 5 |  5.1
Necromancy     | 1 2 3 4 5 |  5.1
Translocations | 1 2 3 4 5 |  5.1
Transmutations | 1 2 3 4 5 |  5.1
Fire Magic     | 1 2 3 4 5 |  5.1
Ice Magic      | 1 2 3 4 5 |  5.1
Air Magic      | 1 2 3 4 5 |  5.1
Earth Magic    | 1 2 3 4 5 |  5.1
Poison Magic   | 1 2 3 4 5 |  5.1
Axes           | 5 6 7 |  7.8
Fighting       | 7 8 9 |  9.1
Armour         | 7 8 9 |  9.1
Shields        | 7 8 9 |  9.1

Action                   |  1- 3 |  4- 6 |  7- 9 | 10-12 || total
-------------------------+-------+-------+-------+-------++-------
Melee: War axe           |   108 |   115 |   361 |       ||   584
       Bite              |     5 |    11 |    60 |    21 ||    97
       Headbutt          |       |       |    68 |    51 ||   119
       Hand axe          |       |       |   102 |   164 ||   266
       Spear             |       |       |       |     6 ||     6
Throw: Dart              |       |       |       |     5 ||     5
Evoke: Wand              |       |       |       |     2 ||     2
  Use: Scroll            |       |     3 |    14 |     5 ||    22
       Potion            |       |     1 |     2 |       ||     3
 Stab: Sleeping          |       |     2 |    13 |     4 ||    19
Armor: Scale mail        |    57 |    34 |       |       ||    91
       Troll leather arm |       |     6 |   208 |    56 ||   270
Dodge: Dodged            |    44 |    63 |   280 |   130 ||   517
Block: Buckler           |    31 |    37 |   166 |    63 ||   297
